 Dungeon Crawl Stone Soup version 0.31.0-32-g396128a36d (webtiles) character file.

Game seed: 15108101226405956459

1267 TacoSundae the Grappler (level 8, -5/55 HPs)
             Began as a Vine Stalker Shapeshifter on Apr 8, 2024.
             Slain by a troll (7 damage)
             ... on level 5 of the Dungeon.
             The game lasted 00:11:50 (3355 turns).

TacoSundae the Grappler (Vine Stalker Shapeshifter) Turns: 3355, Time: 00:11:51

Health: -5/55      AC: 24    Str: 19    XL:     8   Next: 52%
Magic:  0/9        EV:  2    Int: 10    God:
Gold:   420        SH:  0    Dex: 20    Spells: 7/7 levels left

rFire   . .          .
                       - Unarmed
rCold   . . .        (no shield)
rNeg    . . .        r - melded +2 robe {rC+ rF+}
rPois   +            (helmet currently unavailable)
rElec   .            (cloak currently unavailable)
rCorr   .            (gloves currently unavailable)
SInv    .            (boots currently unavailable)
Will    +....        o - amulet of regeneration
Stlth   ++           m - +6 ring of dexterity
HPRegen 1.89/turn    (no ring)
MPRegen 0.11/turn

%: guardian spirit
@: tree-form
A: stationary, stasis, torment immunity, boosted hp, (fangs 3), regeneration 1,
magic shield, (antimagic bite), no potion heal 2
a: no special abilities


You were on level 5 of the Dungeon.
You were a tree.
You visited 2 branches of the dungeon, and saw 6 of its levels.

You collected 420 gold pieces.

Inventory:

Missiles
 w - 4 poisoned darts (quivered)
Armour
 r - a +2 robe of resistance (melded)
 s - a +1 cloak
 y - the +3 leather armour of the Fiend {^Contam rElec rPois Str-2}
   (You found it on level 4 of the Dungeon)

   Str-2:     It affects your strength (-2).
   rElec:     It insulates you from electricity.
   rPois:     It protects you from poison ^Contam: It causes magical
   contamination when unequipped.
Jewellery
 l - a ring of ice
 m - a +6 ring of dexterity (left branch)
 o - an amulet of regeneration (around neck)
Talismans
 c - a beast talisman
 d - a flux talisman
Wands
 u - a wand of flame (9)
 z - a wand of polymorph (10)
Scrolls
 e - a scroll of revelation
 g - a scroll of teleportation
 n - 3 scrolls of identify
 q - 2 scrolls of amnesia
 v - a scroll of enchant weapon
Potions
 a - 5 potions of curing
 f - 2 potions of mutation {unknown}
 h - 3 potions of heal wounds {unknown}
 i - a potion of attraction {unknown}
 j - a potion of enlightenment {unknown}
 k - 3 potions of invisibility {unknown}
 p - a potion of cancellation {unknown}
 t - a potion of haste {unknown}
 x - 2 potions of brilliance {unknown}


   Skills:
 - Level 0.8 Fighting
 + Level 0.1 Throwing
 - Level 1.0 Armour
 - Level 1.5 Dodging
 - Level 1.7 Stealth
 * Level 9.5 Unarmed Combat
 + Level 4.6 Shapeshifting


You had 7 spell levels left.
You didn't know any spells.
Your spell library contained the following spells:

 Spells                   Type           Power      Damage    Failure   Level
 Blink                    Tloc           0%         N/A       50%         2
 Cigotuvi's Dreadful Rot  Necr/Alch/Air  0%         N/A       50%         2
 Jinxbite                 Hex            0%         N/A       50%         2
 Lesser Beckoning         Tloc           0%         N/A       50%         2
 Mercury Vapours          Alch/Air       0%         N/A       50%         2
 Momentum Strike          Conj/Tloc      0%         3d8       50%         2
 Gell's Gravitas          Tloc           0%         N/A       75%         3
 Mephitic Cloud           Conj/Alch/Air  0%         N/A       75%         3
 Teleport Other           Tloc           0%         N/A       75%         3
 Dispel Undead            Necr           0%         3d6       98%         4
 Martyr's Knell           Necr/Summ      0%         N/A       98%         4
 Freezing Cloud           Conj/Ice/Air   0%         6-21      100%        5
 Yara's Violent Unravell  Hex/Alch       0%         3d3       100%        5
 Death Channel            Necr           0%         N/A       100%        6
 Dispersal                Tloc           0%         N/A       100%        6
 Enfeeble                 Hex            0%         N/A       100%        7


Dungeon Overview and Level Annotations

Branches:
Dungeon (5/15)             Temple (1/1) D:4

Altars:
Ashenzari
Cheibriados
Dithmenos
Elyvilon
Fedhas
Gozag
Hepliaklqana
Kikubaaqudgha
Okawaru
Qazlal
Sif Muna
Trog
Uskayaw
Vehumet
Wu Jian
Xom
Yredelemnul
Zin
The Shining One

Annotations:
Temple 4 transporters


Innate Abilities, Weirdness & Mutations

You are a tree.
Your roots penetrate the ground, keeping you stationary.
You cannot be teleported.
You are immune to unholy pain and torment.
Your maximum health is greatly increased.
Your equipment is partially melded.
((You have razor-sharp teeth.))
Your natural rate of healing is unusually fast.
When hurt, damage is shared between your health and your magic reserves.
((Your bite disrupts and absorbs the magic of your enemies.))
Potions cannot restore your health.


Message History

You completely miss the troll. The troll closely misses you.
The troll misses you. The troll claws you!
You punch the troll! Your bite misses the troll.
The troll is moderately wounded.
You hit the troll.
The troll is moderately wounded.
The troll bites you. The troll claws you! x2
Your transformation has ended.
You turn into a tree.
Your +2 robe of resistance melds into your body.
You feel hot and cold all over.
Your roots penetrate the ground.
The troll bites you. The troll claws you!
* * * LOW HITPOINT WARNING * * *
The troll claws you but does no damage.
You hit the troll but do no damage.
The troll is moderately wounded.
The troll bites you.
* * * LOW HITPOINT WARNING * * *
The troll claws you but does no damage. x2
You hit the troll.
The troll is moderately wounded.
The troll bites you but does no damage.
The troll claws you but does no damage. x2
You hit the troll.
The troll is heavily wounded.
The troll bites you!
* * * LOW HITPOINT WARNING * * *
The troll claws you but does no damage. x2
Okay, then.
Unknown command.
You hit the troll.
The troll is heavily wounded.
You smack the troll!
The troll is almost dead.
The troll bites you but does no damage.
The troll claws you but does no damage. x2
You barely miss the troll.
The troll is severely wounded.
The troll bites you!
* * * LOW HITPOINT WARNING * * *
The troll claws you!
You die...

#####..#..#..#####
#......#..#Jl....#
#......#..#S..S..#
#.†#####..#####..#
#......#..#....S.# ##
#......#..#....JW####.
#####..#..#.$######...
*,,,#..#..#..#,,,#..##
*,,,#♣.#..#..#,8,#.##
#[.)T..#..#..',,,#.#
########..########.#
#...........#
#############


You could see a troll and a jelly.

Vanquished Creatures
  3 phantoms (D:5)
  4 scorpions
  A wight (D:5)
  A howler monkey (D:5)
  The ghost of tdove the Caller, a weakling OpWn (D:3)
  5 hounds (D:5)
  2 jellies (D:4)
  3 orc priests
  Jessica (D:3)
  An iguana (D:5)
  A sleepcap (D:5)
  2 orc wizards (D:3)
  12 adders
  5 gnolls
  A shadow imp (D:5)
  3 white imps (D:5)
  2 ufetubi (D:5)
  7 orcs
  3 ball pythons
  8 bats
  2 endoplasms (D:2)
  2 giant cockroaches (D:3)
  2 goblins
  4 hobgoblins
  4 jackals
  2 quokkas
  A frilled lizard (D:3)
  8 kobolds
  8 rats
99 creatures vanquished.

Notes
Turn   | Place    | Note
-------+----------+-------------------------------------------
     0 | D:1      | TacoSundae the Vine Stalker Shapeshifter began the quest
                  | for the Orb.
     0 | D:1      | Reached XP level 1. HP: 9/9 MP: 2/2
    89 | D:1      | Reached XP level 2. HP: 14/14 MP: 3/3
   594 | D:2      | Reached XP level 3. HP: 17/17 MP: 4/4
   850 | D:2      | Reached skill level 4 in Unarmed Combat
   850 | D:2      | Reached XP level 4. HP: 11/21 MP: 3/5
  1248 | D:3      | Noticed Jessica
  1257 | D:3      | Killed Jessica
  1258 | D:3      | Reached skill level 1 in Stealth
  1272 | D:3      | Reached XP level 5. HP: 25/25 MP: 6/6
  1313 | D:3      | Noticed tdove's ghost (weakling OpWn)
  1316 | D:3      | Found a runed translucent gate.
  1316 | D:3      | Found a runed translucent gate.
  1316 | D:3      | Found a runed translucent gate.
  1667 | D:3      | Found a faded altar of an unknown god.
  1826 | D:3      | Reached skill level 1 in Armour
  1826 | D:3      | Reached skill level 5 in Unarmed Combat
  1863 | D:3      | Killed tdove's ghost
  1864 | D:3      | Reached XP level 6. HP: 29/29 MP: 7/7
  2082 | D:4      | Found a staircase to the Ecumenical Temple.
  2091 | Temple   | Found a transporter.
  2091 | Temple   | Found a transporter.
  2091 | Temple   | Found a transporter.
  2091 | Temple   | Found a transporter.
  2091 | Temple   | Entered the Ecumenical Temple
  2161 | D:4      | Reached skill level 6 in Unarmed Combat
  2226 | D:4      | Reached XP level 7. HP: 32/32 MP: 8/8
  2241 | D:4      | Identified the +3 leather armour of the Fiend {^Contam
                  | rElec rPois Str-2}
  2372 | D:5      | Entered Level 5 of the Dungeon
  2535 | D:5      | Reached skill level 7 in Unarmed Combat
  3015 | D:5      | Reached skill level 8 in Unarmed Combat
  3019 | D:5      | Gained mutation: You have razor-sharp teeth. [Vine Stalker
                  | growth]
  3019 | D:5      | Reached XP level 8. HP: 31/37 MP: 6/9
  3289 | D:5      | Reached skill level 9 in Unarmed Combat
  3342 | D:5      | Noticed a vampire
  3344 | D:5      | Noticed a troll
  3355 | D:5      | HP: 2/55 [troll (10)]
  3355 | D:5      | Slain by a troll

Illustrated notes

Levels and vault maps discovered:
D:1:      dpeg_arrival_rhombus, layout_loops_ring, skrybe_limestone_x
D:2:      minmay_wonky_spiral, layout_rooms, minmay_misc_feat_alley,
          minmay_pentomino_s4
D:3:      layout_loops_ring, gammafunk_ghost_split,
          dilly_ecumenical_altar_fadedgnrine, minmay_misc_feat_roman,
          uniq_jessica
D:4:      layout_rooms, temple_fountains, minmay_gold_behind_fungi
D:5:      kennysheep_windowed_halls, layout_basic
Temple:   hellmonk_temple_divided_pantheon

Skill      XL: |  1  2  3  4  5  6  7  8 |
---------------+-------------------------+-----
Unarmed Combat | 4 5 6 8 9 |  9.5
Stealth        | 1 |  1.7
Shapeshifting  | 4 |  4.6
Armour         | 1 |  1.0
Fighting       | |  0.8
Throwing       | |  0.1
Dodging        | |  1.5

Action                     |  1- 3 |  4- 6 |  7- 9 || total
---------------------------+-------+-------+-------++-------
  Melee: Unarmed           |    54 |   113 |   115 ||   282
         Bite              |    12 |    34 |    42 ||    88
         Punch             |     1 |     5 |     8 ||    14
  Throw: Dart              |       |     1 |     2 ||     3
    Use: Scroll            |       |       |     9 ||     9
         Potion            |       |       |     1 ||     1
   Stab: Sleeping          |     1 |     2 |     1 ||     4
 Armour: Animal skin       |    22 |       |       ||    22
         Leather armour    |     6 |    16 |       ||    22
         Robe              |       |    32 |    64 ||    96
         Skin              |       |       |    17 ||    17
  Dodge: Dodged            |    29 |    47 |    50 ||   126
